 Dungeon Crawl Stone Soup version 0.29.0-4-gdea44cf6ec (webtiles) character file.

Game seed: 16895855954581317306

2 qw the Sneak (level 1, -3/14 HPs)
             Began as a Gargoyle Delver on Sept 10, 2022.
             Killed from afar by a white imp (4 damage)
             ... with a puff of frost
             ... on level 5 of the Dungeon.
             The game lasted 00:00:03 (105 turns).

qw the Sneak (Gargoyle Delver)                       Turns: 105, Time: 00:00:04

Health: -3/14      AC:  5    Str: 15    XL:     1   Next: 30%
Magic:  1/1        EV: 11    Int: 10    God:
Gold:   13         SH:  0    Dex: 11    Spells: 0/0 levels left

rFire   . . .      SeeInvis .   a - +0 hand axe
rCold   . . .      Faith    .   (no shield)
rNeg    + . .      Spirit   .   b - +0 leather armour
rPois   inf        Reflect  .   (no helmet)
rElec   +          Harm     .   (no cloak)
rCorr   .          Rampage  .   (no gloves)
Will    .....                   (no boots)
Stlth   +++.......              (no amulet)
HPRegen 0.04/turn               (no ring)
MPRegen 0.07/turn               (no ring)

@: no status effects
A: sickness immunity, AC +2, negative energy resistance 1, electricity
resistance, torment resistance 1, petrification resistance
a: no special abilities


You were on level 5 of the Dungeon.
You visited 1 branch of the dungeon, and saw 1 of its levels.

You collected 13 gold pieces.


Innate Abilities, Weirdness & Mutations

You are immune to sickness and miasma.
Your stone body is resilient. (AC +2)
You are immune to poison.
You resist negative energy. (rN+)
You are resistant to electric shocks. (rElec)
You are resistant to unholy torment.
You are immune to petrification.


   Skills:
 - Level 3.2 Fighting
 + Level 2.0 Axes
 - Level 1.5 Dodging
 - Level 5.4 Stealth


You couldn't memorise any spells.
You didn't know any spells.
Your spell library was empty.

Inventory:

Hand Weapons
 a - a +0 hand axe (weapon)
Armour
 b - a +0 leather armour (worn)
Wands
 g - a wand of digging (3)
Scrolls
 c - a scroll of fog
 d - a scroll of magic mapping
 e - a scroll of fear
 h - a scroll of identify {unknown}
Potions
 f - a potion of haste

Dungeon Overview and Level Annotations

Branches:
Dungeon (5/15)
 Temple: D:4-7

Altars:

Shops:
D:5 *


Message History

0 ||| PLANNING D:1-11
Found 5 stones.
h - a scroll labelled JEUFOH HE WEMM You now have 13 gold pieces.
An orc comes into view. It is wielding a +0 whip.
You see here 15 gold pieces.
Enter note: The orc shouts!
The orc enters a dispersal trap!
You blink.
The orc blinks!
The orc enters a dispersal trap!
You blink.
An orc is nearby!
You barely miss the orc. The orc barely misses you.
You slash the orc!
The orc is almost dead.
The orc closely misses you.
34 ||| Stepping ~*~*~tactically~*~*~ (stealth).
You barely miss the orc.
The orc is almost dead.
The orc hits you with a +0 whip. x2
You hit the orc.
You kill the orc!
Your Axes skill increases to level 2!
You start resting.
A white imp comes into view.
The white imp gestures at you. The puff of frost hits you!
Ouch! That really hurt!
You enter the shallow water.
Moving in this stuff is going to be slow.
The white imp barely misses you.
The white imp hits you but does no damage.
You hit the white imp.
The white imp is heavily wounded.
The white imp barely misses you.
You hit the white imp.
The white imp is almost dead.
The white imp gestures at you. The puff of frost hits you.
You die...

#s...# .. ##....# ..# .
.##.....# ..#..
........##..... .#.
#.............# ..
#..~~~.... #..##.# .
##~~~~5.####.....## ..
.#.~~\.@^..........###..
...~~~~~................
~..#~~~.........#.......
. ###..$.(..#..##......
##..................
#........##...>....#
###.).....#........#
#.................
#.................


You could see a scorpion (wandering) and a white imp.

Vanquished Creatures
  An orc (D:5)
1 creature vanquished.

Notes
Turn   | Place    | Note
-------+----------+-------------------------------------------
     0 | D:5      | qw the Gargoyle Delver began the quest for the Orb.
     0 | D:5      | Reached XP level 1. HP: 14/14 MP: 1/1
     0 | D:5      | 0 ||| qw: Version: 0.1-a-116-g5d60599
     0 | D:5      | 0 ||| qw: Game counter: 9153
     0 | D:5      | 0 ||| qw: Always use a shield: true
     0 | D:5      | 0 ||| qw: God list: Okawaru
     0 | D:5      | 0 ||| qw: Allow faded altars: false
     0 | D:5      | 0 ||| qw: Do Orc after D:15 true
     0 | D:5      | 0 ||| qw: Do second Lair branch before Depths: true
     0 | D:5      | 0 ||| qw: Lair rune preference: random
     0 | D:5      | 0 ||| qw: Plans: Normal
     0 | D:5      | 0 ||| PLANNING D:1-11
     7 | D:5      | Found Ohioll's General Store.
    33 | D:5      | Noticed a scorpion
    34 | D:5      | 34 ||| Stepping ~*~*~tactically~*~*~ (stealth).
   101 | D:5      | HP: 1/14 [white imp/puff of frost (8)]
   105 | D:5      | Killed from afar by a white imp

Levels and vault maps discovered:
D:5:      layout_cave_pools, serial_shops, nicolae_shop_waterfront,
          kennysheep_mini_moat, shop, nicolae_shop_waterfront,
          serial_column_ruins, column_ruins_grid_3, column_ruins_open_tiny,
          column_ruins_open_tiny, column_ruins_columns_straight,
          column_ruins_open_tiny

Skill      XL: |  1 |
---------------+----+-----
Axes           | 2 |  2.0
Fighting       | |  3.2
Dodging        | |  1.5
Stealth        | |  5.4

Action                   || total
-------------------------++-------
Melee: Hand axe          ||     6
Armor: Leather armour    ||     1
Dodge: Dodged            ||     4

Table legend:
 A = Non-vault XP
 B = Vault XP
 C = Vault XP percentage of total XP
 D = Non-vault monster count
 E = Vault monster count
 F = Vault count percentage of total count
                 A         B        C        D         E       F
            +---------+---------+-------+---------+---------+-------
      Total |       3 |       0 |   0.0 |       1 |       0 |   0.0
            +---------+---------+-------+---------+---------+-------
        D:5 |       3 |       0 |   0.0 |       1 |       0 |   0.0
            +---------+---------+-------+---------+---------+-------
